Griffins vs Moose
(R1)
Created - March 8, 2024 at 20:14
Goals
|
| Griffins |
2 |
1 |
1 |
4 |
| Moose |
3 |
1 |
4 |
8 |
|
Shots
|
| Griffins |
12 |
12 |
6 |
30 |
| Moose |
10 |
6 |
17 |
33 |
|
1st period
1. Griffins , Martin Frk 48 (Lucas Lessio 45, Filip Hronek 31) at 0:12
2. Moose , Michael McLeod 24 (Ludwig Bystrom 35) at 1:49
3. Griffins , Lucas Lessio 44 (Nico Hischier 67) at 10:52 (PP)
4. Moose , Boris Katchouk 12 (Ludwig Bystrom 36) at 16:16
5. Moose , Nikolay Goldobin 28 (Tomas Jurco 20, Michael McLeod 40) at 17:28
Penalties :
Ludwig Bystrom (Man) for Cross-checking (Minor) at 10:00, Mathieu Joseph (Man) for Hooking (Minor) at 12:33, Martin Frk (Gra) for Holding (Minor) at 19:35
2nd period
6. Griffins , Martin Frk 49 (Nico Hischier 68, Lucas Lessio 46) at 4:38
7. Moose , Juuso Valimaki 4 (Mathieu Joseph 54, Dylan Strome 68) at 15:50
Penalties :
Anders Bjork (Man) for Hooking (Minor) at 7:40, Tomas Jurco (Man) for Hooking (Minor) at 16:35
3rd period
8. Moose , Kyle Connor 26 (Dylan Strome 69, Mathieu Joseph 55) at 5:10 (PP)
9. Griffins , Jack Studnicka 5 (Nils Lundkvist 15, Cody Glass 15) at 12:59
10. Moose , Dylan Strome 48 (Juuso Valimaki 16) at 13:07
11. Moose , Dylan Strome 49 (Kyle Connor 23, Juuso Valimaki 17) at 16:58 (PP)
12. Moose , Chase De Leo 18 (Dylan Strome 70) at 19:45
Penalties :
Filip Hronek (Gra) for Hooking (Minor) at 0:03, Riley Armstrong (Gra) for Holding (Minor) at 4:56, Lucas Lessio (Gra) for Delaying the game (Minor) at 9:02, Lucas Lessio (Gra) for Tripping (Minor) at 16:51, Riley Armstrong (Gra) for Slashing (Minor) at 18:03, Mathieu Joseph (Man) for Roughing (Minor) at 19:05
Goalie Stats
Marcus Hogberg (Gra), 9 saves from 12 shots - (0.750), 14:50 minutes
Adam Werner (Gra), 16 saves from 21 shots - (0.762), L, 11-12-2, 45:10 minutes
Filip Gustavsson (Man), 26 saves from 30 shots - (0.867), W, 31-16-2, 60:00 minutes
Players Stats for Griffins
Player Name G A P +/- PIM S H SB GA TA FO MP PP MP PK MP
------------------------------------------------------------------------------------
Andrey Pedan 0 0 0 -2 0 2 0 3 0 0 0/0 21:21 0:00 2:08
Christoffer Ehn 0 0 0 -1 0 3 2 1 0 1 3/9 17:26 2:10 0:51
Cody Glass 0 1 1 0 0 1 0 1 0 0 2/6 10:51 0:51 2:07
Filip Hronek 0 1 1 -1 2 3 0 4 1 0 0/0 25:39 2:36 3:57
Ian McCoshen 0 0 0 -1 0 0 0 1 0 0 0/0 14:05 0:55 5:12
Jack Studnicka 1 0 1 0 0 1 1 0 0 0 0/0 8:17 0:07 0:00
Klim Kostin 0 0 0 -1 0 0 1 0 1 0 0/0 10:35 0:51 1:22
Lucas Lessio 1 2 3 -1 4 3 2 2 1 1 0/0 22:29 3:41 3:49
Martin Frk 2 0 2 -1 2 5 3 0 2 1 1/1 18:44 3:41 0:00
Morgan Barron 0 0 0 0 0 0 1 0 0 0 0/0 8:55 0:07 0:38
Morgan Geekie 0 0 0 -1 0 1 2 0 1 0 0/1 9:06 0:51 0:00
Nico Hischier 0 2 2 -2 0 2 0 0 0 0 16/36 20:15 3:41 1:21
Nils Lundkvist 0 1 1 0 0 1 1 1 0 0 0/0 17:10 3:18 0:00
Riley Armstrong 0 0 0 0 4 1 1 1 0 3 4/13 14:11 2:17 3:41
Robbie Russo 0 0 0 -1 0 0 0 1 0 1 0/0 12:48 0:00 1:10
Robby Fabbri 0 0 0 -1 0 2 1 1 0 0 0/0 18:21 2:36 0:51
Ryan Pulock 0 0 0 -1 0 3 1 3 0 0 0/0 19:59 3:18 2:08
Sebastian Ahaut 0 0 0 0 0 0 0 0 0 0 0/0 5:10 0:55 0:05
Sonny Milano 0 0 0 0 0 2 3 0 0 0 0/0 15:26 2:10 0:00
Players Stats for Moose
Player Name G A P +/- PIM S H SB GA TA FO MP PP MP PK MP
------------------------------------------------------------------------------------
Anders Bjork 0 0 0 0 2 0 2 0 0 0 0/1 11:37 0:00 0:33
Boris Katchouk 1 0 1 0 0 2 0 0 0 0 0/0 7:26 0:00 0:11
Caleb Jones 0 0 0 2 0 0 0 0 0 2 0/0 10:17 0:00 0:49
Chase De Leo 1 0 1 1 0 3 4 1 2 0 1/2 11:00 0:00 0:00
Dylan Strome 2 3 5 1 0 7 2 2 0 0 29/41 23:28 4:07 3:54
Jake Leschyshyn 0 0 0 0 0 1 0 0 0 0 2/2 8:05 0:00 1:08
Josh Mahura 0 0 0 2 0 0 0 1 0 1 0/0 9:59 0:00 0:39
Julien Gauthier 0 0 0 0 0 1 1 0 0 0 0/0 10:47 0:03 0:00
Juuso Valimaki 1 2 3 3 0 3 3 0 0 0 0/0 20:11 2:20 3:04
Kieffer Bellows 0 0 0 0 0 0 0 0 0 0 0/1 6:51 0:00 0:00
Kyle Connor 1 1 2 1 0 5 1 1 1 0 1/5 23:23 4:07 3:52
Ludwig Bystrom 0 2 2 -2 2 1 2 0 2 0 0/0 28:57 5:00 2:14
Mathieu Joseph 0 2 2 1 4 2 3 2 0 1 0/2 18:45 4:03 0:00
Matthew Benning 0 0 0 -2 0 2 3 2 0 2 0/0 29:31 5:00 3:06
Michael McLeod 1 1 2 2 0 1 0 1 1 0 6/11 17:43 3:13 1:47
Nelson Nogier 0 0 0 3 0 0 2 0 0 0 0/0 21:04 2:20 3:46
Nikolay Goldobin 1 0 1 1 0 5 2 1 1 0 1/1 17:41 3:13 2:13
Tomas Jurco 0 1 1 1 2 0 3 0 0 0 0/0 15:27 3:13 0:00
3 Stars
1 - Dylan Strome (Man)
2 - Juuso Valimaki (Man)
3 - Michael McLeod (Man)
Power Play
Griffins - 1 on 5 Attempt(s) - 20.00%
Moose - 2 on 6 Attempt(s) - 33.33%
Penalty Kill
Griffins - 4 on 6 Attempt(s) - 66.67%
- Score 0 goal in Penalty Kill
Moose - 4 on 5 Attempt(s) - 80.00%
- Score 0 goal in Penalty Kill
Team Stat
Griffins - Hits : 19 - Faceoff Wins : 26 - Blocked Shots : 19 - Penalty Minutes : 12
Moose - Hits : 28 - Faceoff Wins : 40 - Blocked Shots : 11 - Penalty Minutes : 10
Official
Referees : Justin St. Pierre and Tim Peel
Linesman : Jonny Murray and David Brisebois
Game Notes
2:36 of 2nd period - Moose goal is going for a video replay. After video review, No Goal. The puck has been directed, batted or thrown into the net by an attacking player other than with a stick.
0:42 of 3rd period - Moose goal is going for a video replay. After video review, No Goal. The puck has entered the net after making contact with an attacking player’s stick that is above the height of the crossbar.
Marcus Hogberg enters game at 5:10 of 3rd period
Finance
Level 1 -- Attendance: 1861 (93.05%) -- Ticket Income $130,270
Level 2 -- Attendance: 1000 (100.00%) -- Ticket Income $40,000
Total Attendance: 2861 (95.37%)
Total Ticket Income: $170,270
Other Income: $8,514
Total Income: $178,784
Griffins
5 vs 5 Forward
Center Left Wing Right Wing Time % Phy DF OF
1 Nico Hischier Lucas Lessio Martin Frk 40 1 2 2
2 Christoffer Ehn Robby Fabbri Sonny Milano 30 1 2 2
3 Riley Armstrong Klim Kostin Morgan Geekie 20 1 2 2
4 Cody Glass Morgan Barron Jack Studnicka 10 1 2 2
5 vs 5 Defense
Defense Defense Time % Phy DF OF
1 Filip Hronek Andrey Pedan 40 1 2 2
2 Ryan Pulock Nils Lundkvist 30 1 2 2
3 Robbie Russo Ian McCoshen 20 1 2 2
4 Robbie Russo Sebastian Ahaut 10 1 2 2
PowerPlay Forward
Center Left Wing Right Wing Time % Phy DF OF
1 Nico Hischier Lucas Lessio Martin Frk 60 1 2 2
2 Christoffer Ehn Sonny Milano Riley Armstrong 40 1 2 2
PowerPlay Defense
Defense Defense Time % Phy DF OF
1 Filip Hronek Robby Fabbri 60 1 2 2
2 Ryan Pulock Nils Lundkvist 40 1 2 2
Penalty Kill 4 Players Forward
Center Wing Time % Phy DF OF
1 Riley Armstrong Lucas Lessio 60 1 2 2
2 Christoffer Ehn Robby Fabbri 40 1 2 2
Penalty Kill 4 Players Defense
Defense Defense Time % Phy DF OF
1 Filip Hronek Ian McCoshen 60 1 2 2
2 Ryan Pulock Andrey Pedan 40 1 2 2
Penalty Kill - 3 Players Forward
Forward Time % Phy DF OF
1 Christoffer Ehn 60 1 2 2
2 Riley Armstrong 40 1 2 2
Penalty Kill - 3 Players Defense
Defense Defense Time % Phy DF OF
1 Filip Hronek Ian McCoshen 60 1 2 2
2 Ryan Pulock Andrey Pedan 40 1 2 2
4 vs 4 Forward
Center Wing Time % Phy DF OF
1 Christoffer Ehn Robby Fabbri 60 1 2 2
2 Nico Hischier Martin Frk 40 1 2 2
4 vs 4 Defense
Defense Defense Time % Phy DF OF
1 Filip Hronek Ian McCoshen 60 1 2 2
2 Ryan Pulock Andrey Pedan 40 1 2 2
Last Minutes Offensive
Center Left Wing Right Wing Defense Defense
Nico Hischier Lucas Lessio Martin Frk Filip Hronek Nils Lundkvist
Last Minutes Defensive
Center Left Wing Right Wing Defense Defense
Christoffer Ehn Lucas Lessio Riley Armstrong Filip Hronek Ian McCoshen
Goaltenders
Starting : Adam Werner
Backup : Marcus Hogberg
Extra Forwards
Normal : Morgan Geekie, Klim Kostin, Cody Glass - PP : Klim Kostin, Cody Glass - PK : Cody Glass
Extra Defensemen
Normal : Andrey Pedan, Robbie Russo, Sebastian Ahaut - PP : Ian McCoshen - PK : Robbie Russo, Sebastian Ahaut
Penalty Shots
Sonny Milano, Robby Fabbri, Martin Frk, Lucas Lessio, Klim Kostin
Custom OT Lines Forwards
Lucas Lessio, Nico Hischier, Robby Fabbri, Christoffer Ehn, Martin Frk, Riley Armstrong, Morgan Geekie, Cody Glass, Klim Kostin, Jack Studnicka
Custom OT Lines Defensemen
Filip Hronek, Ian McCoshen, Ryan Pulock, Andrey Pedan, Nils Lundkvist
Scratches
Brendan Leipsic (Healthy), Jack Ramsey (Healthy), Jesse Graham (Healthy), Michael Bunting (Healthy), Conor Timmins (Healthy)
Tyler Lewington (Healthy), Calvin Thurkauf (Healthy), Oskar Steen (Healthy), Nick Swaney (Healthy), Dominik Bokk (Healthy)
Philippe Desrosiers (Healthy)
Moose
5 vs 5 Forward
Center Left Wing Right Wing Time % Phy DF OF
1 Dylan Strome Kyle Connor Mathieu Joseph 40 1 2 2
2 Michael McLeod Nikolay Goldobin Tomas Jurco 30 1 2 2
3 Chase De Leo Anders Bjork Julien Gauthier 20 1 2 2
4 Jake Leschyshyn Boris Katchouk Kieffer Bellows 10 1 2 2
5 vs 5 Defense
Defense Defense Time % Phy DF OF
1 Ludwig Bystrom Matthew Benning 40 1 2 2
2 Juuso Valimaki Nelson Nogier 30 1 2 2
3 Caleb Jones Josh Mahura 20 1 2 2
4 Ludwig Bystrom Matthew Benning 10 1 2 2
PowerPlay Forward
Center Left Wing Right Wing Time % Phy DF OF
1 Dylan Strome Kyle Connor Mathieu Joseph 60 1 2 2
2 Michael McLeod Nikolay Goldobin Tomas Jurco 40 1 2 2
PowerPlay Defense
Defense Defense Time % Phy DF OF
1 Ludwig Bystrom Matthew Benning 60 1 2 2
2 Juuso Valimaki Nelson Nogier 40 1 2 2
Penalty Kill 4 Players Forward
Center Wing Time % Phy DF OF
1 Dylan Strome Kyle Connor 60 1 2 2
2 Michael McLeod Nikolay Goldobin 40 1 2 2
Penalty Kill 4 Players Defense
Defense Defense Time % Phy DF OF
1 Ludwig Bystrom Matthew Benning 60 1 2 2
2 Juuso Valimaki Nelson Nogier 40 1 2 2
Penalty Kill - 3 Players Forward
Forward Time % Phy DF OF
1 Dylan Strome 60 1 2 2
2 Michael McLeod 40 1 2 2
Penalty Kill - 3 Players Defense
Defense Defense Time % Phy DF OF
1 Ludwig Bystrom Matthew Benning 60 1 2 2
2 Juuso Valimaki Nelson Nogier 40 1 2 2
4 vs 4 Forward
Center Wing Time % Phy DF OF
1 Dylan Strome Kyle Connor 60 1 2 2
2 Michael McLeod Nikolay Goldobin 40 1 2 2
4 vs 4 Defense
Defense Defense Time % Phy DF OF
1 Ludwig Bystrom Matthew Benning 60 1 2 2
2 Juuso Valimaki Nelson Nogier 40 1 2 2
Last Minutes Offensive
Center Left Wing Right Wing Defense Defense
Dylan Strome Kyle Connor Mathieu Joseph Ludwig Bystrom Matthew Benning
Last Minutes Defensive
Center Left Wing Right Wing Defense Defense
Dylan Strome Kyle Connor Mathieu Joseph Ludwig Bystrom Matthew Benning
Goaltenders
Starting : Filip Gustavsson
Backup : Daniel Vladar
Extra Forwards
Normal : Dylan Strome, Michael McLeod, Chase De Leo - PP : Dylan Strome, Michael McLeod - PK : Dylan Strome
Extra Defensemen
Normal : Nelson Nogier, Caleb Jones, Josh Mahura - PP : Nelson Nogier - PK : Nelson Nogier, Caleb Jones
Penalty Shots
Kyle Connor, Mathieu Joseph, Tomas Jurco, Nikolay Goldobin, Dylan Strome
Custom OT Lines Forwards
Kyle Connor, Mathieu Joseph, Tomas Jurco, Nikolay Goldobin, Dylan Strome, Michael McLeod, Chase De Leo, Anders Bjork, Julien Gauthier, Boris Katchouk
Custom OT Lines Defensemen
Ludwig Bystrom, Matthew Benning, Juuso Valimaki, Nelson Nogier, Caleb Jones
Scratches
Vinni Lettieri (Strained Right Elbow Injury), Riley Damiani (Healthy), Alexander Khovanov (Healthy), Mitchell Stephens (Healthy), Nick Merkley (Healthy)
Jonathan Kovacevic (Healthy), Joey Keane (Healthy), Adam Ginning (Healthy), Jonny Tychonick (Healthy), Max Jones (Healthy)
Nathan Bastian (Healthy), William Bitten (Healthy), Jonatan Berggren (Healthy), Joey Daccord (Healthy), Karel Vejmelka (Healthy)
% Time on Ice - Griffins
Lines # - Real PCT - Wanted PCT - Time Play
Normal Forward
1 - 34% - 40% - 15:14
2 - 30% - 30% - 13:31
3 - 18% - 20% - 8:15
4 - 18% - 10% - 7:57
Normal Defense
1 - 42% - 40% - 18:53
2 - 31% - 30% - 13:52
3 - 18% - 20% - 8:07
4 - 9% - 10% - 4:05
PP Forward
1 - 68% - 60% - 4:39
2 - 32% - 40% - 2:10
PP Defense
1 - 38% - 60% - 2:36
2 - 62% - 40% - 4:13
PK Forward
1 - 88% - 60% - 6:29
2 - 12% - 40% - 0:51
PK Defense
1 - 71% - 60% - 5:12
2 - 29% - 40% - 2:08
PK3 Forward
1 - 0% - 60%
2 - 0% - 40%
PK3 Defense
1 - 0% - 60%
2 - 0% - 40%
44 Forward
1 - 100% - 60% - 0:54
2 - 0% - 40% - 0:00
44 Defense
1 - 26% - 60% - 0:14
2 - 74% - 40% - 0:40
Last Minute Offensive - 0:00
Last Minute Defensive - 0:00
Total
Forward - 60:00
Defense - 60:00
|
% Time on Ice - Moose
Lines # - Real PCT - Wanted PCT - Time Play
Normal Forward
1 - 33% - 40% - 14:43
2 - 28% - 30% - 12:39
3 - 24% - 20% - 10:44
4 - 15% - 10% - 6:51
Normal Defense
1 - 41% - 40% - 18:33
2 - 33% - 30% - 14:38
3 - 21% - 20% - 9:20
4 - 5% - 10% - 2:26
PP Forward
1 - 56% - 60% - 4:07
2 - 44% - 40% - 3:13
PP Defense
1 - 68% - 60% - 5:00
2 - 32% - 40% - 2:20
PK Forward
1 - 74% - 60% - 5:02
2 - 26% - 40% - 1:47
PK Defense
1 - 48% - 60% - 3:18
2 - 52% - 40% - 3:31
PK3 Forward
1 - 0% - 60%
2 - 0% - 40%
PK3 Defense
1 - 0% - 60%
2 - 0% - 40%
44 Forward
1 - 100% - 60% - 0:54
2 - 0% - 40% - 0:00
44 Defense
1 - 70% - 60% - 0:38
2 - 30% - 40% - 0:16
Last Minute Offensive - 0:00
Last Minute Defensive - 0:00
Total
Forward - 60:00
Defense - 60:00
|
Play-by-Play
1st period
0:01 of 1st period - Nico Hischier wins face-off versus Kyle Connor in neutral zone.
0:12 of 1st period - Wrist shot by Martin Frk.
0:12 of 1st period - Goal by Martin Frk - Griffins : 1 - Moose : 0.
0:13 of 1st period - Christoffer Ehn wins face-off versus Michael McLeod in neutral zone.
0:27 of 1st period - Wrist shot by Michael McLeod.
0:27 of 1st period - Shot Blocked by Christoffer Ehn.
0:39 of 1st period - Nelson Nogier is hit by Ryan Pulock and loses puck.
1:49 of 1st period - Snap shot by Michael McLeod.
1:49 of 1st period - Goal by Michael McLeod - Griffins : 1 - Moose : 1.
1:50 of 1st period - Nico Hischier wins face-off versus Kyle Connor in neutral zone.
1:52 of 1st period - Off-side.
1:53 of 1st period - Dylan Strome wins face-off versus Nico Hischier in neutral zone.
2:04 of 1st period - Snap shot by Kyle Connor.
2:04 of 1st period - Stopped by Adam Werner with a rebound.
2:43 of 1st period - Slapshot by Anders Bjork.
2:43 of 1st period - Shot Blocked by Robbie Russo.
3:03 of 1st period - Juuso Valimaki is hit by Martin Frk.
3:11 of 1st period - Wrist shot by Kieffer Bellows.
3:11 of 1st period - Shot Misses the Net.
3:23 of 1st period - Slapshot by Cody Glass.
3:23 of 1st period - Stopped by Filip Gustavsson without a rebound.
3:24 of 1st period - Dylan Strome wins face-off versus Cody Glass in Moose zone.
3:31 of 1st period - Cody Glass is hit by Nelson Nogier and loses puck.
3:51 of 1st period - Off-side.
3:52 of 1st period - Michael McLeod wins face-off versus Nico Hischier in neutral zone.
4:17 of 1st period - Andrey Pedan is hit by Ludwig Bystrom and loses puck.
4:26 of 1st period - Snap shot by Dylan Strome.
4:26 of 1st period - Stopped by Adam Werner with a rebound.
4:28 of 1st period - Backhand shot by Matthew Benning.
4:28 of 1st period - Stopped by Adam Werner without a rebound.
4:29 of 1st period - Riley Armstrong wins face-off versus Anders Bjork in Griffins zone.
4:54 of 1st period - Chase De Leo is hit by Robby Fabbri and loses puck.
5:03 of 1st period - Wrist shot by Sonny Milano.
5:03 of 1st period - Shot Misses the Net.
5:05 of 1st period - Slapshot by Ryan Pulock.
5:05 of 1st period - Stopped by Filip Gustavsson with a rebound.
5:07 of 1st period - Slapshot by Nils Lundkvist.
5:07 of 1st period - Stopped by Filip Gustavsson with a rebound.
5:20 of 1st period - Off-side.
5:21 of 1st period - Dylan Strome wins face-off versus Nico Hischier in neutral zone.
5:33 of 1st period - Snap shot by Dylan Strome.
5:33 of 1st period - Shot Blocked by Filip Hronek.
5:37 of 1st period - Wrist shot by Dylan Strome.
5:37 of 1st period - Shot Misses the Net.
5:39 of 1st period - Wrist shot by Dylan Strome.
5:39 of 1st period - Shot Misses the Net.
5:41 of 1st period - Snap shot by Matthew Benning.
5:41 of 1st period - Stopped by Adam Werner with a rebound.
5:43 of 1st period - Slapshot by Ludwig Bystrom.
5:43 of 1st period - Deflect By Lucas Lessio.
5:43 of 1st period - Stopped by Adam Werner with a rebound.
5:55 of 1st period - Wrist shot by Lucas Lessio.
5:55 of 1st period - Shot Blocked by Mathieu Joseph.
6:09 of 1st period - Slapshot by Martin Frk.
6:09 of 1st period - Stopped by Filip Gustavsson with a rebound.
6:11 of 1st period - Snap shot by Lucas Lessio.
6:11 of 1st period - Shot Blocked by Josh Mahura.
6:13 of 1st period - Slapshot by Andrey Pedan.
6:13 of 1st period - Stopped by Filip Gustavsson with a rebound.
6:15 of 1st period - Wrist shot by Lucas Lessio.
6:15 of 1st period - Shot Misses the Net.
6:23 of 1st period - Snap shot by Martin Frk.
6:23 of 1st period - Stopped by Filip Gustavsson without a rebound.
6:24 of 1st period - Michael McLeod wins face-off versus Christoffer Ehn in Moose zone.
6:41 of 1st period - Slapshot by Robby Fabbri.
6:41 of 1st period - Shot Blocked by Nikolay Goldobin.
6:57 of 1st period - Riley Armstrong is hit by Chase De Leo and loses puck.
8:18 of 1st period - Snap shot by Morgan Barron.
8:18 of 1st period - Shot Misses the Net.
8:20 of 1st period - Slapshot by Ryan Pulock.
8:20 of 1st period - Deflect By Jack Studnicka.
8:20 of 1st period - Shot Misses the Net.
8:20 of 1st period - Puck is out of play.
8:21 of 1st period - Dylan Strome wins face-off versus Christoffer Ehn in Moose zone.
8:47 of 1st period - Lucas Lessio is hit by Chase De Leo and loses puck.
8:56 of 1st period - Wrist shot by Lucas Lessio.
8:56 of 1st period - Shot Misses the Net.
9:45 of 1st period - Off-side.
9:46 of 1st period - Nico Hischier wins face-off versus Michael McLeod in neutral zone.
10:00 of 1st period - Minor Penalty to Ludwig Bystrom for Cross-checking.
10:01 of 1st period - Dylan Strome wins face-off versus Nico Hischier in Moose zone.
10:10 of 1st period - Dylan Strome is hit by Lucas Lessio and loses puck.
10:36 of 1st period - Matthew Benning is hit by Christoffer Ehn and loses puck.
10:46 of 1st period - Off-side.
10:47 of 1st period - Nico Hischier wins face-off versus Michael McLeod in neutral zone.
10:50 of 1st period - Snap shot by Lucas Lessio.
10:50 of 1st period - Shot Misses the Net.
10:52 of 1st period - Slapshot by Lucas Lessio.
10:52 of 1st period - Goal by Lucas Lessio - Griffins : 2 - Moose : 1.
10:53 of 1st period - Nico Hischier wins face-off versus Dylan Strome in neutral zone.
12:24 of 1st period - Wrist shot by Dylan Strome.
12:24 of 1st period - Deflect By Mathieu Joseph.
12:24 of 1st period - Stopped by Adam Werner without a rebound.
12:25 of 1st period - Cody Glass wins face-off versus Kyle Connor in Griffins zone.
12:33 of 1st period - Minor Penalty to Mathieu Joseph for Hooking.
12:34 of 1st period - Dylan Strome wins face-off versus Nico Hischier in Moose zone.
13:50 of 1st period - Nils Lundkvist is hit by Anders Bjork and loses puck.
14:33 of 1st period - Penalty to Mathieu Joseph is over, Mathieu Joseph is back on ice.
14:50 of 1st period - Slapshot by Morgan Barron.
14:50 of 1st period - Shot Misses the Net.
15:02 of 1st period - Klim Kostin is hit by Chase De Leo and loses puck.
15:46 of 1st period - Juuso Valimaki is hit by Morgan Barron and loses puck.
16:01 of 1st period - Caleb Jones is hit by Morgan Geekie and loses puck.
16:14 of 1st period - Wrist shot by Boris Katchouk.
16:14 of 1st period - Shot Blocked by Ian McCoshen.
16:16 of 1st period - Wrist shot by Boris Katchouk.
16:16 of 1st period - Goal by Boris Katchouk - Griffins : 2 - Moose : 2.
16:17 of 1st period - Dylan Strome wins face-off versus Christoffer Ehn in neutral zone.
16:24 of 1st period - Sonny Milano is hit by Mathieu Joseph and loses puck.
16:29 of 1st period - Slapshot by Dylan Strome.
16:29 of 1st period - Shot Misses the Net.
16:31 of 1st period - Snap shot by Mathieu Joseph.
16:31 of 1st period - Shot Misses the Net.
16:52 of 1st period - Slapshot by Ryan Pulock.
16:52 of 1st period - Deflect By Michael McLeod.
16:52 of 1st period - Stopped by Filip Gustavsson without a rebound.
16:53 of 1st period - Riley Armstrong wins face-off versus Kyle Connor in Moose zone.
17:28 of 1st period - Wrist shot by Nikolay Goldobin.
17:28 of 1st period - Goal by Nikolay Goldobin - Griffins : 2 - Moose : 3.
17:29 of 1st period - Martin Frk wins face-off versus Dylan Strome in neutral zone.
17:38 of 1st period - Wrist shot by Lucas Lessio.
17:38 of 1st period - Stopped by Filip Gustavsson with a rebound.
18:39 of 1st period - Icing by Andrey Pedan.
18:40 of 1st period - Cody Glass wins face-off versus Mathieu Joseph in Griffins zone.
18:53 of 1st period - Wrist shot by Mathieu Joseph.
18:53 of 1st period - Shot Blocked by Andrey Pedan.
18:59 of 1st period - Slapshot by Filip Hronek.
18:59 of 1st period - Stopped by Filip Gustavsson with a rebound.
19:01 of 1st period - Slapshot by Andrey Pedan.
19:01 of 1st period - Shot Blocked by Michael McLeod.
19:05 of 1st period - Slapshot by Filip Hronek.
19:05 of 1st period - Stopped by Filip Gustavsson without a rebound.
19:06 of 1st period - Michael McLeod wins face-off versus Nico Hischier in Moose zone.
19:12 of 1st period - Off-side.
19:13 of 1st period - Nico Hischier wins face-off versus Dylan Strome in neutral zone.
19:29 of 1st period - Slapshot by Mathieu Joseph.
19:29 of 1st period - Shot Misses the Net.
19:35 of 1st period - Minor Penalty to Martin Frk for Holding.
19:36 of 1st period - Kyle Connor wins face-off versus Riley Armstrong in Griffins zone.
19:41 of 1st period - Snap shot by Dylan Strome.
19:41 of 1st period - Shot Misses the Net.
19:43 of 1st period - Slapshot by Matthew Benning.
19:43 of 1st period - Shot Misses the Net.
19:45 of 1st period - Slapshot by Kyle Connor.
19:45 of 1st period - Shot Misses the Net.
19:47 of 1st period - Snap shot by Dylan Strome.
19:47 of 1st period - Stopped by Adam Werner with a rebound.
Goals for this period are 2 for Griffins vs 3 for Moose.
Shots for this period are 12 for Griffins vs 10 for Moose.
2nd period
0:01 of 2nd period - Dylan Strome wins face-off versus Riley Armstrong in neutral zone.
0:29 of 2nd period - Off-side.
0:30 of 2nd period - Michael McLeod wins face-off versus Riley Armstrong in neutral zone.
0:33 of 2nd period - Andrey Pedan is hit by Nelson Nogier and loses puck.
0:56 of 2nd period - Slapshot by Michael McLeod.
0:56 of 2nd period - Shot Blocked by Ryan Pulock.
0:58 of 2nd period - Wrist shot by Michael McLeod.
0:58 of 2nd period - Shot Blocked by Robby Fabbri.
1:00 of 2nd period - Slapshot by Matthew Benning.
1:00 of 2nd period - Deflect By Tomas Jurco.
1:00 of 2nd period - Shot Misses the Net.
1:00 of 2nd period - Puck is out of play.
1:01 of 2nd period - Riley Armstrong wins face-off versus Dylan Strome in Griffins zone.
1:35 of 2nd period - Penalty to Martin Frk is over, Martin Frk is back on ice.
1:44 of 2nd period - Wrist shot by Chase De Leo.
1:44 of 2nd period - Deflect By Anders Bjork.
1:44 of 2nd period - Shot Misses the Net.
1:44 of 2nd period - Puck is out of play.
1:45 of 2nd period - Nico Hischier wins face-off versus Chase De Leo in Griffins zone.
1:45 of 2nd period - Nico Hischier is hit by Julien Gauthier.
2:07 of 2nd period - Christoffer Ehn is hit by Mathieu Joseph and loses puck.
2:34 of 2nd period - Snap shot by Michael McLeod.
2:34 of 2nd period - Shot Blocked by Ryan Pulock.
2:36 of 2nd period - Snap shot by Nikolay Goldobin.
2:36 of 2nd period - Moose goal is going for a video replay.
2:36 of 2nd period - The goal is refused. The puck has been directed, batted or thrown into the net by an attacking player other than with a stick..
2:37 of 2nd period - Nikolay Goldobin wins face-off versus Nico Hischier in Griffins zone.
2:40 of 2nd period - Wrist shot by Nikolay Goldobin.
2:40 of 2nd period - Stopped by Adam Werner with a rebound.
2:42 of 2nd period - Slapshot by Michael McLeod.
2:42 of 2nd period - Shot Misses the Net.
2:44 of 2nd period - Wrist shot by Michael McLeod.
2:44 of 2nd period - Shot Misses the Net.
2:46 of 2nd period - Slapshot by Nelson Nogier.
2:46 of 2nd period - Shot Blocked by Filip Hronek.
3:09 of 2nd period - Snap shot by Sonny Milano.
3:09 of 2nd period - Deflect By Christoffer Ehn.
3:09 of 2nd period - Shot Misses the Net.
3:09 of 2nd period - Puck is out of play.
3:10 of 2nd period - Dylan Strome wins face-off versus Christoffer Ehn in Moose zone.
3:43 of 2nd period - Michael McLeod is hit by Martin Frk and loses puck.
4:06 of 2nd period - Off-side.
4:07 of 2nd period - Dylan Strome wins face-off versus Riley Armstrong in neutral zone.
4:14 of 2nd period - Wrist shot by Mathieu Joseph.
4:14 of 2nd period - Shot Misses the Net.
4:22 of 2nd period - Wrist shot by Riley Armstrong.
4:22 of 2nd period - Stopped by Filip Gustavsson without a rebound.
4:23 of 2nd period - Nico Hischier wins face-off versus Michael McLeod in Moose zone.
4:30 of 2nd period - Wrist shot by Martin Frk.
4:30 of 2nd period - Stopped by Filip Gustavsson with a rebound.
4:32 of 2nd period - Snap shot by Martin Frk.
4:32 of 2nd period - Shot Hit the Post.
4:34 of 2nd period - Wrist shot by Lucas Lessio.
4:34 of 2nd period - Stopped by Filip Gustavsson with a rebound.
4:38 of 2nd period - Wrist shot by Martin Frk.
4:38 of 2nd period - Goal by Martin Frk - Griffins : 3 - Moose : 3.
4:39 of 2nd period - Nico Hischier wins face-off versus Dylan Strome in neutral zone.
4:46 of 2nd period - Wrist shot by Lucas Lessio.
4:46 of 2nd period - Shot Blocked by Dylan Strome.
4:48 of 2nd period - Snap shot by Ryan Pulock.
4:48 of 2nd period - Stopped by Filip Gustavsson without a rebound.
4:49 of 2nd period - Nico Hischier wins face-off versus Dylan Strome in Moose zone.
4:54 of 2nd period - Snap shot by Lucas Lessio.
4:54 of 2nd period - Deflect By Martin Frk.
4:54 of 2nd period - Shot Blocked by Kyle Connor.
4:54 of 2nd period - Puck is out of play.
4:55 of 2nd period - Nico Hischier wins face-off versus Dylan Strome in Moose zone.
5:17 of 2nd period - Icing by Filip Hronek.
5:18 of 2nd period - Nico Hischier wins face-off versus Michael McLeod in Griffins zone.
5:52 of 2nd period - Filip Hronek is hit by Chase De Leo and loses puck.
5:55 of 2nd period - Snap shot by Christoffer Ehn.
5:55 of 2nd period - Stopped by Filip Gustavsson with a rebound.
5:57 of 2nd period - Snap shot by Robby Fabbri.
5:57 of 2nd period - Shot Misses the Net.
5:59 of 2nd period - Slapshot by Filip Hronek.
5:59 of 2nd period - Shot Misses the Net.
6:40 of 2nd period - Christoffer Ehn is hit by Ludwig Bystrom.
6:44 of 2nd period - Snap shot by Sonny Milano.
6:44 of 2nd period - Stopped by Filip Gustavsson with a rebound.
6:52 of 2nd period - Snap shot by Robby Fabbri.
6:52 of 2nd period - Shot Blocked by Matthew Benning.
6:54 of 2nd period - Snap shot by Christoffer Ehn.
6:54 of 2nd period - Stopped by Filip Gustavsson with a rebound.
6:56 of 2nd period - Slapshot by Christoffer Ehn.
6:56 of 2nd period - Shot Misses the Net.
6:58 of 2nd period - Snap shot by Christoffer Ehn.
6:58 of 2nd period - Stopped by Filip Gustavsson with a rebound.
7:00 of 2nd period - Wrist shot by Robby Fabbri.
7:00 of 2nd period - Stopped by Filip Gustavsson with a rebound.
7:02 of 2nd period - Slapshot by Christoffer Ehn.
7:02 of 2nd period - Shot Blocked by Matthew Benning.
7:04 of 2nd period - Slapshot by Filip Hronek.
7:04 of 2nd period - Stopped by Filip Gustavsson with a rebound.
7:06 of 2nd period - Slapshot by Andrey Pedan.
7:06 of 2nd period - Shot Blocked by Chase De Leo.
7:27 of 2nd period - Slapshot by Robby Fabbri.
7:27 of 2nd period - Stopped by Filip Gustavsson with a rebound.
7:29 of 2nd period - Snap shot by Christoffer Ehn.
7:29 of 2nd period - Shot Misses the Net.
7:40 of 2nd period - Minor Penalty to Anders Bjork for Hooking.
7:41 of 2nd period - Dylan Strome wins face-off versus Nico Hischier in Moose zone.
8:30 of 2nd period - Nelson Nogier is hit by Morgan Geekie and loses puck.
9:40 of 2nd period - Penalty to Anders Bjork is over, Anders Bjork is back on ice.
9:44 of 2nd period - Michael McLeod is hit by Riley Armstrong and loses puck.
9:55 of 2nd period - Slapshot by Juuso Valimaki.
9:55 of 2nd period - Stopped by Adam Werner with a rebound.
10:14 of 2nd period - Riley Armstrong is hit by Juuso Valimaki and loses puck.
11:04 of 2nd period - Josh Mahura is hit by Jack Studnicka and loses puck.
12:24 of 2nd period - Nico Hischier is hit by Dylan Strome and loses puck.
15:42 of 2nd period - Icing by Robbie Russo.
15:43 of 2nd period - Jake Leschyshyn wins face-off versus Nico Hischier in Griffins zone.
15:46 of 2nd period - Slapshot by Jake Leschyshyn.
15:46 of 2nd period - Stopped by Adam Werner without a rebound.
15:47 of 2nd period - Dylan Strome wins face-off versus Nico Hischier in Griffins zone.
15:50 of 2nd period - Slapshot by Juuso Valimaki.
15:50 of 2nd period - Goal by Juuso Valimaki - Griffins : 3 - Moose : 4.
15:51 of 2nd period - Nico Hischier wins face-off versus Dylan Strome in neutral zone.
16:26 of 2nd period - Wrist shot by Nikolay Goldobin.
16:26 of 2nd period - Stopped by Adam Werner with a rebound.
16:35 of 2nd period - Minor Penalty to Tomas Jurco for Hooking.
16:36 of 2nd period - Dylan Strome wins face-off versus Nico Hischier in Moose zone.
16:36 of 2nd period - Dylan Strome is hit by Martin Frk.
17:02 of 2nd period - Icing by Robby Fabbri.
17:03 of 2nd period - Michael McLeod wins face-off versus Christoffer Ehn in Griffins zone.
17:14 of 2nd period - Michael McLeod is hit by Sonny Milano.
17:30 of 2nd period - Nils Lundkvist is hit by Dylan Strome and loses puck.
18:35 of 2nd period - Penalty to Tomas Jurco is over, Tomas Jurco is back on ice.
19:03 of 2nd period - Off-side.
19:04 of 2nd period - Chase De Leo wins face-off versus Morgan Geekie in neutral zone.
19:23 of 2nd period - Robbie Russo is hit by Nikolay Goldobin and loses puck.
19:30 of 2nd period - Wrist shot by Michael McLeod.
19:30 of 2nd period - Deflect By Nikolay Goldobin.
19:30 of 2nd period - Shot Blocked by Cody Glass.
19:30 of 2nd period - Puck is out of play.
19:31 of 2nd period - Dylan Strome wins face-off versus Nico Hischier in Griffins zone.
Goals for this period are 1 for Griffins vs 1 for Moose.
Shots for this period are 12 for Griffins vs 6 for Moose.
3rd period
0:01 of 3rd period - Nico Hischier wins face-off versus Dylan Strome in neutral zone.
0:03 of 3rd period - Minor Penalty to Filip Hronek for Hooking.
0:04 of 3rd period - Riley Armstrong wins face-off versus Dylan Strome in Griffins zone.
0:12 of 3rd period - Riley Armstrong is hit by Matthew Benning and loses puck.
0:29 of 3rd period - Robbie Russo is hit by Tomas Jurco and loses puck.
0:40 of 3rd period - Snap shot by Nikolay Goldobin.
0:40 of 3rd period - Shot Misses the Net.
0:42 of 3rd period - Slapshot by Michael McLeod.
0:42 of 3rd period - Deflect By Nikolay Goldobin.
0:42 of 3rd period - Moose goal is going for a video replay.
0:42 of 3rd period - The goal is refused. The puck has entered the net after making contact with an attacking player’s stick that is above the height of the crossbar..
0:43 of 3rd period - Dylan Strome wins face-off versus Riley Armstrong in Griffins zone.
0:56 of 3rd period - Snap shot by Dylan Strome.
0:56 of 3rd period - Stopped by Adam Werner with a rebound.
0:58 of 3rd period - Wrist shot by Kyle Connor.
0:58 of 3rd period - Stopped by Adam Werner with a rebound.
1:14 of 3rd period - Christoffer Ehn is hit by Tomas Jurco and loses puck.
1:33 of 3rd period - Klim Kostin is hit by Juuso Valimaki and loses puck.
1:50 of 3rd period - Tomas Jurco is hit by Klim Kostin and loses puck.
2:03 of 3rd period - Penalty to Filip Hronek is over, Filip Hronek is back on ice.
2:13 of 3rd period - Jack Studnicka is hit by Matthew Benning.
2:37 of 3rd period - Slapshot by Robby Fabbri.
2:37 of 3rd period - Deflect By Sonny Milano.
2:37 of 3rd period - Stopped by Filip Gustavsson without a rebound.
2:38 of 3rd period - Nico Hischier wins face-off versus Kieffer Bellows in Moose zone.
2:49 of 3rd period - Slapshot by Nico Hischier.
2:49 of 3rd period - Stopped by Filip Gustavsson with a rebound.
3:15 of 3rd period - Snap shot by Robby Fabbri.
3:15 of 3rd period - Shot Blocked by Mathieu Joseph.
4:44 of 3rd period - Wrist shot by Nikolay Goldobin.
4:44 of 3rd period - Shot Misses the Net.
4:56 of 3rd period - Minor Penalty to Riley Armstrong for Holding.
4:57 of 3rd period - Dylan Strome wins face-off versus Cody Glass in Griffins zone.
5:02 of 3rd period - Slapshot by Dylan Strome.
5:02 of 3rd period - Shot Misses the Net.
5:04 of 3rd period - Backhand shot by Kyle Connor.
5:04 of 3rd period - Shot Blocked by Filip Hronek.
5:06 of 3rd period - Wrist shot by Mathieu Joseph.
5:06 of 3rd period - Shot Blocked by Lucas Lessio.
5:08 of 3rd period - Wrist shot by Dylan Strome.
5:08 of 3rd period - Stopped by Adam Werner with a rebound.
5:10 of 3rd period - Wrist shot by Kyle Connor.
5:10 of 3rd period - Goal by Kyle Connor - Griffins : 3 - Moose : 5.
5:10 of 3rd period - Marcus Hogberg enters game.
5:11 of 3rd period - Nico Hischier wins face-off versus Dylan Strome in neutral zone.
5:22 of 3rd period - Snap shot by Mathieu Joseph.
5:22 of 3rd period - Stopped by Marcus Hogberg without a rebound.
5:23 of 3rd period - Dylan Strome wins face-off versus Nico Hischier in Griffins zone.
5:24 of 3rd period - Slapshot by Kyle Connor.
5:24 of 3rd period - Shot Blocked by Lucas Lessio.
5:48 of 3rd period - Robby Fabbri is hit by Tomas Jurco and loses puck.
6:40 of 3rd period - Icing by Michael McLeod.
6:41 of 3rd period - Michael McLeod wins face-off versus Nico Hischier in Moose zone.
6:52 of 3rd period - Snap shot by Nico Hischier.
6:52 of 3rd period - Stopped by Filip Gustavsson without a rebound.
6:53 of 3rd period - Dylan Strome wins face-off versus Nico Hischier in Moose zone.
7:08 of 3rd period - Snap shot by Martin Frk.
7:08 of 3rd period - Shot Misses the Net.
7:20 of 3rd period - Anders Bjork is hit by Sonny Milano.
7:24 of 3rd period - Snap shot by Anders Bjork.
7:24 of 3rd period - Shot Blocked by Andrey Pedan.
7:37 of 3rd period - Icing by Christoffer Ehn.
7:38 of 3rd period - Jake Leschyshyn wins face-off versus Riley Armstrong in Griffins zone.
7:43 of 3rd period - Slapshot by Juuso Valimaki.
7:43 of 3rd period - Shot Misses the Net.
7:51 of 3rd period - Snap shot by Morgan Geekie.
7:51 of 3rd period - Stopped by Filip Gustavsson with a rebound.
7:53 of 3rd period - Slapshot by Andrey Pedan.
7:53 of 3rd period - Stopped by Filip Gustavsson without a rebound.
7:54 of 3rd period - Dylan Strome wins face-off versus Nico Hischier in Moose zone.
7:54 of 3rd period - Dylan Strome is hit by Nils Lundkvist.
8:06 of 3rd period - Wrist shot by Dylan Strome.
8:06 of 3rd period - Shot Blocked by Nils Lundkvist.
8:08 of 3rd period - Slapshot by Ludwig Bystrom.
8:08 of 3rd period - Shot Blocked by Ryan Pulock.
8:32 of 3rd period - Snap shot by Robby Fabbri.
8:32 of 3rd period - Shot Misses the Net.
8:50 of 3rd period - Snap shot by Chase De Leo.
8:50 of 3rd period - Shot Misses the Net.
8:52 of 3rd period - Wrist shot by Julien Gauthier.
8:52 of 3rd period - Stopped by Marcus Hogberg without a rebound.
8:53 of 3rd period - Dylan Strome wins face-off versus Nico Hischier in Griffins zone.
9:00 of 3rd period - Wrist shot by Dylan Strome.
9:00 of 3rd period - Stopped by Marcus Hogberg with a rebound.
9:02 of 3rd period - Minor Penalty to Lucas Lessio for Delaying the game.
9:03 of 3rd period - Dylan Strome wins face-off versus Riley Armstrong in Griffins zone.
9:04 of 3rd period - Snap shot by Mathieu Joseph.
9:04 of 3rd period - Deflect By Kyle Connor.
9:04 of 3rd period - Stopped by Marcus Hogberg without a rebound.
9:05 of 3rd period - Dylan Strome wins face-off versus Riley Armstrong in Griffins zone.
9:22 of 3rd period - Riley Armstrong is hit by Matthew Benning and loses puck.
9:41 of 3rd period - Snap shot by Michael McLeod.
9:41 of 3rd period - Shot Blocked by Riley Armstrong.
9:43 of 3rd period - Slapshot by Matthew Benning.
9:43 of 3rd period - Shot Misses the Net.
10:13 of 3rd period - Morgan Barron is hit by Nikolay Goldobin.
11:02 of 3rd period - Penalty to Lucas Lessio is over, Lucas Lessio is back on ice.
11:14 of 3rd period - Juuso Valimaki is hit by Christoffer Ehn and loses puck.
12:15 of 3rd period - Lucas Lessio is hit by Kyle Connor and loses puck.
12:26 of 3rd period - Matthew Benning is hit by Sonny Milano and loses puck.
12:57 of 3rd period - Slapshot by Nils Lundkvist.
12:57 of 3rd period - Shot Misses the Net.
12:59 of 3rd period - Snap shot by Jack Studnicka.
12:59 of 3rd period - Goal by Jack Studnicka - Griffins : 4 - Moose : 5.
13:00 of 3rd period - Dylan Strome wins face-off versus Nico Hischier in neutral zone.
13:05 of 3rd period - Slapshot by Dylan Strome.
13:05 of 3rd period - Shot Blocked by Andrey Pedan.
13:07 of 3rd period - Backhand shot by Dylan Strome.
13:07 of 3rd period - Goal by Dylan Strome - Griffins : 4 - Moose : 6.
13:08 of 3rd period - Dylan Strome wins face-off versus Nico Hischier in neutral zone.
14:04 of 3rd period - Snap shot by Boris Katchouk.
14:04 of 3rd period - Stopped by Marcus Hogberg with a rebound.
14:06 of 3rd period - Slapshot by Juuso Valimaki.
14:06 of 3rd period - Stopped by Marcus Hogberg without a rebound.
14:07 of 3rd period - Christoffer Ehn wins face-off versus Mathieu Joseph in Griffins zone.
14:24 of 3rd period - Christoffer Ehn is hit by Juuso Valimaki and loses puck.
15:26 of 3rd period - Christoffer Ehn is hit by Mathieu Joseph and loses puck.
16:27 of 3rd period - Jack Studnicka is hit by Anders Bjork and loses puck.
16:51 of 3rd period - Minor Penalty to Lucas Lessio for Tripping.
16:52 of 3rd period - Dylan Strome wins face-off versus Riley Armstrong in Griffins zone.
16:56 of 3rd period - Wrist shot by Kyle Connor.
16:56 of 3rd period - Stopped by Marcus Hogberg with a rebound.
16:58 of 3rd period - Wrist shot by Dylan Strome.
16:58 of 3rd period - Goal by Dylan Strome - Griffins : 4 - Moose : 7.
16:59 of 3rd period - Dylan Strome wins face-off versus Nico Hischier in neutral zone.
17:16 of 3rd period - Dylan Strome is hit by Lucas Lessio and loses puck.
17:53 of 3rd period - Wrist shot by Anders Bjork.
17:53 of 3rd period - Deflect By Chase De Leo.
17:53 of 3rd period - Stopped by Marcus Hogberg with a rebound.
17:55 of 3rd period - Backhand shot by Chase De Leo.
17:55 of 3rd period - Stopped by Marcus Hogberg with a rebound.
17:57 of 3rd period - Slapshot by Matthew Benning.
17:57 of 3rd period - Shot Misses the Net.
18:03 of 3rd period - Minor Penalty to Riley Armstrong for Slashing.
18:04 of 3rd period - Dylan Strome wins face-off versus Cody Glass in Griffins zone.
18:19 of 3rd period - Slapshot by Mathieu Joseph.
18:19 of 3rd period - Deflect By Kyle Connor.
18:19 of 3rd period - Shot Misses the Net.
18:19 of 3rd period - Puck is out of play.
18:20 of 3rd period - Dylan Strome wins face-off versus Cody Glass in Griffins zone.
19:05 of 3rd period - Minor Penalty to Mathieu Joseph for Roughing.
19:06 of 3rd period - Christoffer Ehn wins face-off versus Dylan Strome in Moose zone.
19:13 of 3rd period - Wrist shot by Christoffer Ehn.
19:13 of 3rd period - Shot Blocked by Dylan Strome.
19:45 of 3rd period - Slapshot by Chase De Leo.
19:45 of 3rd period - Goal by Chase De Leo - Griffins : 4 - Moose : 8.
19:46 of 3rd period - Dylan Strome wins face-off versus Christoffer Ehn in neutral zone.
19:53 of 3rd period - Slapshot by Dylan Strome.
19:53 of 3rd period - Shot Misses the Net.
19:55 of 3rd period - Slapshot by Matthew Benning.
19:55 of 3rd period - Shot Blocked by Filip Hronek.
19:57 of 3rd period - Snap shot by Kyle Connor.
19:57 of 3rd period - Shot Misses the Net.
19:59 of 3rd period - Slapshot by Ludwig Bystrom.
19:59 of 3rd period - Shot Misses the Net.
Goals for this period are 1 for Griffins vs 4 for Moose.
Shots for this period are 6 for Griffins vs 17 for Moose.